 Dungeon Crawl Stone Soup version 0.21.1-1-g345015f (webtiles) character file.

12415 homeworkjunkie the Severer (level 11, -13/99 HPs)
             Began as a Hill Orc Fighter on Mar 20, 2018.
             Mangled by an ettin
             ... wielding a +0 dire flail
              (42 damage)
             ... on level 1 of the Orcish Mines.
             The game lasted 00:19:05 (12352 turns).

homeworkjunkie the Severer (Hill Orc Fighter)      Turns: 12352, Time: 00:19:07

Health: -13/99     AC: 21    Str: 24    XL:     11   Next: 93%
Magic:  14/14      EV:  6    Int:  8    God:
Gold:   530        SH: 14    Dex: 11    Spells: 10/10 levels left

rFire    . . .     SeeInvis .   a - +2 war axe
rCold    . . .     Gourm    .   A - +2 shield {AC+3}
rNeg     . . .     Faith    .   v - +0 plate armour
rPois    .         Spirit   .   n - +0 helmet
rElec    .         Reflect  .   i - +0 cloak
rCorr    +         Harm     +   o - +0 pair of gloves
MR       .....                  (no boots)
Stlth    ..........             k - amulet of harm
HPRegen  0.26/turn              p - ring of resist corrosion
MPRegen  0.14/turn              q - +2 ring of strength

@: no status effects
A: no striking features
a: no special abilities


You were on level 1 of the Orcish Mines.
You were not hungry.

You visited 4 branches of the dungeon, and saw 14 of its levels.

You collected 770 gold pieces.
You spent 240 gold pieces at shops.

Inventory:

Hand Weapons
 a - a +2 war axe (weapon)
Armour
 i - a +0 cloak (worn)
 n - a +0 helmet (worn)
 o - a +0 pair of gloves (worn)
 v - a +0 plate armour (worn)
 A - a +2 shield of protection (worn)
Jewellery
 k - an amulet of harm (around neck)
 p - a ring of resist corrosion (left hand)
 q - a +2 ring of strength (right hand)
Wands
 j - a wand of flame (16)
 u - a wand of iceblast (3)
Scrolls
 d - 2 scrolls of teleportation
 l - 7 scrolls of identify
 r - a scroll of fear
 z - a scroll of remove curse
Potions
 b - a potion of resistance
 c - a potion of cancellation
 e - 5 potions of ambrosia
 t - 2 potions of flight
 w - 2 potions of brilliance
 B - a potion of invisibility
Comestibles
 f - 11 rations


   Skills:
 * Level 9.7 Fighting
 * Level 15.4 Axes
 * Level 8.6 Armour
 + Level 1.8 Dodging
 + Level 1.1 Stealth
 * Level 9.4 Shields
 * Level 4.0 Evocations


You had 10 spell levels left.
You didn't know any spells.

Dungeon Overview and Level Annotations

Branches:
Dungeon (10/15)            Temple (1/1) D:6            Lair (1/6) D:8
    Orc (2/2) D:9             Elf (0/3) Orc:2

Altars:
Ashenzari
Cheibriados
Dithmenos
Elyvilon
Fedhas
Gozag
Hepliaklqana
Kikubaaqudgha
Makhleb
Nemelex Xobeh
Okawaru
Qazlal
Ru
Sif Muna
Trog
Uskayaw
Vehumet
Wu Jian
Xom
Yredelemnul
Zin
The Shining One
Beogh

Shops:
D:8 [   Orc:2 :*


Message History

The ettin hits you with a great mace.
The orc warrior hits you but does no damage.
The orc hits you but does no damage.
There is a stone staircase leading up, spattered with blood here.
You block the orc warrior's attack. The ettin hits you with a dire flail.
The ettin hits you with a dire flail!! The ogre barely misses you.
You block the orc's attack. You block the orc warrior's attack.
You block the ettin's attack. The ettin hits you with a great mace.
* * * LOW HITPOINT WARNING * * *
You climb upwards.
There is a stone staircase leading down here.
Things that are here:
a leather armour; a club; an orc skeleton
As you read the scroll of fear, it crumbles to dust.
You assume a fearsome visage.
The orc looks frightened!
The ettin looks frightened!
The orc warrior looks frightened!
The ettin easily resists.
The orc looks frightened!
The orc warrior looks frightened!
The ogre looks frightened!
The ettin hits you with a dire flail!!
You die...

##.......#.....## **,,,,
##....#..........# *,,,,, ###
#.....##....##...###*,,*** #.##
####........#....#.#,,,,,, #..#
#.....###...#.##.##,*,,, ...###
##...#.###..###...##*,,* .....##
##.#####.....#....#*,,* .#....#
#####oO.#........###** ##...####
#C@C###....##...# ......#.##
#ooo.#.........#### ....###..#
###.....##.....##.. #.[.###..#
###..####....#.... ..)...)..####
#.....##.....#....
.....))#..#.#####..............#.
.#...)###....#.#).###...###...##.
.#...))....####)............#....
.....)(..#.##..##....##....##....


You could see 2 ettins, 2 orc warriors, an ogre (fleeing) and 2 orcs.

Vanquished Creatures
  2 two-headed ogres (D:9)
  2 orc knights (Orc:1)
  Pikel (D:6)
  An ugly thing (D:8)
  Joseph (D:8)
  A troll (D:9)
  4 hippogriffs
  Prince Ribbit (D:8)
  5 blink frogs (D:8)
  A yak (Lair:1)
  Sigmund (D:6)
  A hungry ghost (D:9)
  A steam dragon (D:9)
  Menkaure (D:7)
  2 wargs (Orc:1)
  Edmund (D:6)
  A water moccasin (Lair:1)
  A porcupine (Lair:1)
  2 sky beasts (D:6)
  15 orc warriors
  A black bear (D:7)
  3 ice beasts
  4 ogres
  2 phantoms
  6 centaurs
  2 big kobolds
  8 bullfrogs
  A wyvern skeleton (D:9)
  4 scorpions
  3 killer bees (D:7)
  2 crimson imps
  2 centaur zombies
  2 bullfrog skeletons
  5 hounds
  Crazy Yiuf (D:7)
  13 orc priests
  3 iguanas
  18 orc wizards
  5 worker ants
  Robin (D:4)
  9 adders
  8 gnolls
  3 shadow imps
  An ooze (D:6)
  2 adder zombies
  2 adder skeletons
  9 worms
  4 dart slugs
  A leopard gecko (D:1)
  62 orcs
  3 ball pythons
  7 giant cockroaches
  12 goblins
  7 hobgoblins
  18 jackals
  8 kobolds
  6 quokkas
  3 bats
  3 frilled lizards
  A jackal zombie (D:5)
  A leopard gecko zombie (D:6)
  2 quokka zombies
  9 rats
  3 fungi (D:7)
315 creatures vanquished.

Notes
Turn   | Place    | Note
-------+----------+-------------------------------------------
     0 | D:1      | homeworkjunkie the Hill Orc Fighter began the quest for the Orb.
     0 | D:1      | Reached XP level 1. HP: 19/19 MP: 1/1
    91 | D:1      | Reached XP level 2. HP: 22/27 MP: 2/2
   110 | D:1      | Reached skill level 3 in Axes
   163 | D:1      | Reached XP level 3. HP: 27/33 MP: 3/3
   647 | D:2      | Reached XP level 4. HP: 33/40 MP: 4/4
   925 | D:1      | Reached skill level 4 in Axes
  1178 | D:3      | Found a sparkling altar of Nemelex Xobeh.
  1179 | D:3      | Found a deep blue altar of Sif Muna.
  1256 | D:3      | Noticed a phantom
  1269 | D:3      | Reached XP level 5. HP: 8/47 MP: 5/5
  1281 | D:3      | Killed a phantom
  1281 | D:3      | Reached skill level 5 in Axes
  1651 | D:3      | Reached XP level 6. HP: 52/53 MP: 6/6
  1953 | D:3      | Found a faded altar of an unknown god.
  2303 | D:2      | Found a burning altar of Makhleb.
  2366 | D:2      | Found a sacrificial altar of Ru.
  3209 | D:4      | Reached skill level 5 in Fighting
  3400 | D:4      | Reached skill level 6 in Axes
  3513 | D:5      | Entered Level 5 of the Dungeon
  3774 | D:4      | Found a blossoming altar of Fedhas.
  3820 | D:4      | Found an iron altar of Okawaru.
  3836 | D:4      | Found a basalt altar of Yredelemnul.
  3935 | D:4      | Reached XP level 7. HP: 57/61 MP: 7/7
  3957 | D:4      | Noticed Robin
  3964 | D:4      | Killed Robin
  4356 | D:5      | Found a hazy altar of Hepliaklqana.
  4393 | D:5      | Found an ancient bone altar of Kikubaaqudgha.
  4483 | D:5      | Reached skill level 7 in Axes
  4483 | D:5      | Reached skill level 1 in Dodging
  4522 | D:5      | Reached skill level 5 in Shields
  4638 | D:6      | Reached skill level 8 in Axes
  4782 | D:6      | Reached XP level 8. HP: 57/69 MP: 8/8
  4847 | D:6      | Reached skill level 9 in Axes
  4847 | D:6      | Reached skill level 5 in Armour
  4884 | D:6      | Noticed Edmund
  4895 | D:6      | Killed Edmund
  5134 | D:6      | Reached skill level 10 in Axes
  5591 | D:6      | Found a staircase to the Ecumenical Temple.
  5597 | Temple   | Entered the Ecumenical Temple
  5853 | D:6      | Noticed Sigmund
  5854 | D:6      | Noticed Pikel
  5884 | D:6      | Killed Pikel
  5884 | D:6      | Reached XP level 9. HP: 33/78 MP: 9/9
  5889 | D:6      | Killed Sigmund
  5889 | D:6      | Reached skill level 11 in Axes
  6387 | D:7      | Reached skill level 1 in Stealth
  6709 | D:8      | Noticed Prince Ribbit
  6716 | D:8      | Killed Prince Ribbit
  6716 | D:8      | Reached skill level 12 in Axes
  6774 | D:7      | Noticed Menkaure
  6790 | D:7      | Killed Menkaure
  6790 | D:7      | Reached skill level 1 in Evocations
  6790 | D:7      | Reached XP level 10. HP: 18/86 MP: 10/10
  7951 | D:7      | Found a runed door.
  7955 | D:7      | Noticed Crazy Yiuf
  7960 | D:7      | Killed Crazy Yiuf
  7999 | D:8      | Found Suwk's Antique Armour Boutique.
  8027 | D:8      | Bought a shiny shield for 240 gold pieces
  8052 | D:8      | Noticed Joseph
  8070 | D:8      | Killed Joseph
  8170 | D:8      | Found a blossoming altar of Fedhas.
  8340 | D:8      | Noticed a purple ugly thing
  8366 | D:8      | Killed a purple ugly thing
  8366 | D:8      | Reached skill level 13 in Axes
  8367 | D:8      | Found a staircase to the Lair.
  8418 | Lair:1   | Entered Level 1 of the Lair of Beasts
  8818 | D:10     | Entered Level 10 of the Dungeon
  8930 | Lair:1   | Reached XP level 11. HP: 84/95 MP: 12/12
  8937 | Lair:1   | Reached skill level 14 in Axes
  9304 | D:9      | Noticed a two-headed ogre
  9311 | D:9      | Killed a two-headed ogre
  9750 | D:9      | Noticed a two-headed ogre
  9762 | D:9      | Killed a two-headed ogre
 10143 | D:9      | Found a staircase to the Orcish Mines.
 10163 | D:9      | Found a roughly hewn altar of Beogh.
 10276 | Orc:1    | Entered Level 1 of the Orcish Mines
 10289 | Orc:1    | Noticed an orc knight
 10772 | Orc:1    | Killed an orc knight
 11162 | Orc:1    | Reached skill level 15 in Axes
 11210 | Orc:1    | Noticed an orc knight
 11236 | Orc:1    | Killed an orc knight
 12050 | Orc:2    | Entered Level 2 of the Orcish Mines
 12050 | Orc:2    | Found a staircase to the Elven Halls.
 12055 | Orc:2    | Found Xonoc's General Store.
 12080 | Orc:2    | Noticed an ettin
 12081 | Orc:2    | Noticed a cyclops
 12086 | Orc:2    | Noticed a cyclops
 12088 | Orc:2    | Noticed an ettin
 12089 | Orc:2    | Noticed a cyclops
 12090 | Orc:2    | Noticed a cyclops
 12092 | Orc:2    | Found Eleru's Book Emporium.
 12352 | Orc:1    | Mangled by an ettin

Skill      XL: |  1  2  3  4  5  6  7  8  9 10 11 |
---------------+----------------------------------+-----
Axes           | 3 4 5 6 8 10 12 13 15 | 15.4
Fighting       | 4 5 6 7 8 9 |  9.7
Shields        | 4 5 6 7 8 9 |  9.4
Armour         | 4 5 6 7 8 |  8.6
Dodging        | 1 |  1.8
Stealth        | 1 |  1.1
Evocations     | 1 2 4 |  4.0

Action                   |  1- 3 |  4- 6 |  7- 9 | 10-12 || total
-------------------------+-------+-------+-------+-------++-------
Melee: War axe           |    86 |   192 |   245 |   536 ||  1059
Evoke: Wand              |       |       |     2 |    16 ||    18
  Use: Potion            |     1 |     2 |     3 |     6 ||    12
       Scroll            |       |    14 |     4 |     9 ||    27
  Eat: Ration            |       |     3 |     4 |     7 ||    14
Armor: Scale mail        |    30 |    52 |    53 |       ||   135
       Plate armour      |       |       |    53 |   200 ||   253
Dodge: Dodged            |    17 |    60 |    64 |    87 ||   228
Block: Shield            |    37 |    99 |   125 |   299 ||   560
